 Dungeon Crawl Stone Soup version 0.15.0-12-gccce430 (webtiles) character file.

1464 oshikia the Martial Artist (level 8, -10/62 HPs)
             Began as a Yellow Draconian Monk on Sept 1, 2014.
             Was an Elder of Cheibriados.
             Mangled by a very large slime creature (52 damage)
             ... on Level 7 of the Dungeon.
             The game lasted 00:16:53 (5082 turns).

oshikia the Martial Artist (Yellow Draconian Monk)  Turns: 5082, Time: 00:16:54

HP -10/62        AC  7     Str 25      XL: 8   Next: 48%
MP  20/20        EV 16     Int 20      God: Cheibriados [****..]
Gold 65          SH  0     Dex 25      Spells:  0 memorised,  7 levels left

rFire  . . .     SeeInvis .       - Unarmed
rCold  . . .     Clarity  +     (armour unavailable)
rNeg   . . .     rCorr    +     (no shield)
rPois  .         rRot     .     (helmet restricted)
rElec  .         Spirit   .     D - +0 cloak
SustAb .         Warding  .     (no gloves)
rMut   +         Stasis   .     (no boots)
Gourm  .                        f - amulet of resist mutation
MR     .....                    x - +5 ring of slaying
                                t - ring of magical power

@: about to teleport, very slow, not resistant to hostile enchantments, fairly
stealthy
A: spit acid, acid resistance, unfitting armour, stinger 1, clarity, frail 1,
spit poison 1, cold-blooded, AC +6
a: Spit Poison, Spit Acid, Bend Time, Temporal Distortion, Slouch, Renounce
Religion


You were on level 7 of the Dungeon.
You worshipped Cheibriados.
Cheibriados was greatly pleased with you.
You were not hungry.

You visited 1 branch of the dungeon, and saw 7 of its levels.

You collected 263 gold pieces.
You spent 198 gold pieces at shops.

Inventory:

Armour
 D - a +0 cloak (worn)
Comestibles
 b - 5 bread rations
 d - a slice of pizza
 h - 4 meat rations
 k - 4 fruits
 q - 2 royal jellies
 s - 3 beef jerkies
Scrolls
 a - 2 scrolls of teleportation
 c - 2 scrolls of magic mapping {unknown}
 i - 5 scrolls of blinking {unknown}
 j - 2 scrolls of recharging {unknown}
 m - 5 scrolls of remove curse {unknown}
 o - a scroll of random uselessness {unknown}
 r - 6 scrolls of identify
 v - a scroll of fear {unknown}
 w - 2 scrolls of noise {unknown}
 y - a scroll of enchant armour {unknown}
 z - 2 scrolls of immolation {unknown}
 E - a scroll of amnesia {unknown}
Jewellery
 f - an amulet of resist mutation (around neck)
 t - a ring of magical power (left hand)
 x - a +5 ring of slaying (right hand)
 B - an uncursed ring of magical power
Potions
 e - a potion of confusion {unknown}
 g - 3 potions of curing
 l - 2 potions of restore abilities
 n - 2 potions of invisibility
 p - a potion of haste {unknown}
 u - 2 potions of heal wounds
 A - 3 potions of brilliance {unknown}
 C - a potion of berserk rage {unknown}
 F - a potion of flight {unknown}
 G - a potion of might {unknown}
 I - a potion of agility
Books
 H - a book of Conjurations

   Spells                             Type                      Level
   Magic Dart                         Conjuration                  1
   Searing Ray                        Conjuration                  2
   Dazzling Spray                     Conjuration/Hexes            3
   Fulminant Prism                    Conjuration/Hexes            4
   Iskenderun's Mystic Blast          Conjuration                  4
   Iskenderun's Battlesphere          Conjuration/Charms           5
 J - a book of Unlife

   Spells                             Type                      Level
   Recall                             Summoning/Translocation      3
   Animate Dead                       Necromancy                   4
   Control Undead                     Necromancy                   4
   Twisted Resurrection               Necromancy                   5
   Death Channel                      Necromancy                   6
   Simulacrum                         Ice/Necromancy               6


   Skills:
 + Level 5.5 Fighting
 + Level 4.6 Dodging
 + Level 3.5 Stealth
 * Level 8.6 Unarmed Combat
 + Level 2.9 Invocations


You had 7 spell levels left.
You didn't know any spells.

Dungeon Overview and Level Annotations

Branches:
Dungeon (7/15)             Temple (0/1) D:5

Altars:
Ashenzari
Cheibriados
Elyvilon
Kikubaaqudgha
Nemelex Xobeh
Okawaru
Qazlal
Xom
Yredelemnul
Zin

Shops:
D:4 [   D:5 %   D:7 !


Innate Abilities, Weirdness & Mutations

You can spit globs of acid.
You can corrode armour when you spit acid.
You are resistant to acid.
Your golden yellow scales are hard (AC +6).
Your body does not fit into most forms of armour.
Your cold-blooded metabolism reacts poorly to cold.
Your tail ends in a poisonous barb.
You possess an exceptional clarity of mind.
You are frail (-10% HP).
You can spit poison.


Message History

You tail-slap the very large slime creature!
The very large slime creature is lightly wounded.
Two slime creatures merge to form an enormous slime creature.
Read which item? (? for menu, Esc to quit)
As you read the scroll of teleportation, it crumbles to dust.
You feel strangely unstable.
You pummel the enormous slime creature!!
Your tail-slap misses the enormous slime creature.
The enormous slime creature is lightly wounded.
An enormous slime creature splits.
Two slime creatures merge to form a very large slime creature.
You hit the very large slime creature.
You tail-slap the very large slime creature.
The very large slime creature is lightly wounded.
You barely miss the very large slime creature.
The very large slime creature is lightly wounded.
The large slime creature hits you!!
The very large slime creature hits you!!!
Ouch! That really hurt!
You die...

#.# ##...##
#.#
#..#.########
#.#
#.#..........
.
#.#..........
#.#..........
#.###########
# ##.#
#.##..#
#.J@.##
#.J### #.(
#.J ... ....
..... .... #


You could see a very large slime creature, a large slime creature and a slime
creature.

Vanquished Creatures
  An ogre (D:4)
  A water moccasin (D:6)
  A sky beast (D:5)
  A phantom (D:6)
  3 centaurs (D:5)
  A giant frog (D:6)
  A hippogriff skeleton (D:6)
  2 crimson imps
  A jelly (D:5)
  A giant frog skeleton (D:6)
  3 orc priests
  A giant frog zombie (D:5)
  5 orc wizards
  A hound (D:5)
  2 iguanas (D:6)
  4 worker ants
  Jessica (D:2)
  Terence (D:2)
  4 adders
  3 giant mites
  3 shadow imps (D:6)
  6 giant geckos
  An ooze (D:6)
  16 orcs
  4 ball pythons
  7 bats
  A bat zombie (D:6)
  11 hobgoblins
  6 jackals
  10 kobolds
  3 quokkas
  2 giant cockroaches
  5 giant newts
  11 goblins
  A jackal skeleton (D:4)
  15 rats
  A rat skeleton (D:4)
  A rat zombie (D:5)
142 creatures vanquished.

Notes
Turn   | Place    | Note
--------------------------------------------------------------
     0 | D:1      | oshikia, the Draconian Monk, began the quest for the Orb.
     0 | D:1      | Reached XP level 1. HP: 19/19 MP: 1/1
   116 | D:1      | Reached XP level 2. HP: 15/26 MP: 2/2
   623 | D:1      | Reached skill level 5 in Unarmed Combat
   623 | D:1      | Reached XP level 3. HP: 20/31 MP: 3/3
   650 | D:1      | Gained mutation: You are clumsy. (Dex -2) [potion of mutation]
   650 | D:1      | Gained mutation: You are frail (-10% HP). [potion of mutation]
   650 | D:1      | Gained mutation: You can spit poison. [potion of mutation]
   651 | D:1      | Gained mutation: You possess an exceptional clarity of mind. [potion of mutation]
   651 | D:1      | Gained mutation: Your tail ends in a poisonous barb. [potion of mutation]
   651 | D:1      | Lost mutation: You are clumsy. (Dex -2) [potion of mutation]
   770 | D:2      | Noticed Jessica
   775 | D:2      | Killed Jessica
  1003 | D:2      | Noticed Terence
  1027 | D:2      | Killed Terence
  1027 | D:2      | Reached XP level 4. HP: 27/34 MP: 4/4
  1584 | D:2      | Reached skill level 6 in Unarmed Combat
  2142 | D:3      | Found a shattered altar of Ashenzari.
  2145 | D:3      | Found a white marble altar of Elyvilon.
  2146 | D:3      | Found a snail-covered altar of Cheibriados.
  2150 | D:3      | Found an ancient bone altar of Kikubaaqudgha.
  2152 | D:3      | Found a glowing silver altar of Zin.
  2160 | D:3      | Became a worshipper of Cheibriados the Contemplative
  2578 | D:4      | Reached XP level 5. HP: 40/40 MP: 5/5
  2701 | D:4      | Noticed an ogre
  2707 | D:4      | Killed an ogre
  2707 | D:4      | Reached XP level 6. HP: 26/46 MP: 6/6
  2899 | D:4      | Found Pneenk Esaj's Antique Armour Shop.
  2911 | D:4      | Bought a cloak for 135 gold pieces
  3170 | D:5      | Entered Level 5 of the Dungeon
  3211 | D:5      | Reached skill level 7 in Unarmed Combat
  3221 | D:5      | Found an iron altar of Okawaru.
  3289 | D:5      | Acquired Cheibriados' first power
  3458 | D:5      | Found a staircase to the Ecumenical Temple.
  3477 | D:5      | Your scales start taking on a golden yellow colour.
  3477 | D:5      | Reached XP level 7. HP: 54/54 MP: 7/7
  3669 | D:5      | Found Shrukk's Food Emporium.
  3869 | D:5      | Found a snail-covered altar of Cheibriados.
  3897 | D:5      | Reached skill level 1 in Invocations
  4100 | D:6      | Found a stormy altar of Qazlal.
  4102 | D:6      | Reached skill level 5 in Fighting
  4102 | D:6      | Reached skill level 8 in Unarmed Combat
  4185 | D:6      | Reached XP level 8. HP: 61/61 MP: 10/10
  4211 | D:6      | Acquired Cheibriados' second power
  4221 | D:6      | Found a basalt altar of Yredelemnul.
  4262 | D:6      | Found a shimmering altar of Xom.
  4277 | D:6      | Found a sparkling altar of Nemelex Xobeh.
  5048 | D:7      | Found Pazog's Distillery.
  5054 | D:7      | Bought a potion of curing for 28 gold pieces
  5054 | D:7      | Bought a potion of agility for 35 gold pieces
  5072 | D:7      | Noticed a slime creature
  5074 | D:7      | Noticed a slime creature
  5075 | D:7      | Noticed a slime creature
  5075 | D:7      | Noticed a slime creature
  5075 | D:7      | Noticed a slime creature
  5075 | D:7      | Noticed a slime creature
  5082 | D:7      | Mangled by a very large slime creature

Action                   |  1- 3 |  4- 6 |  7- 9 || total
-------------------------+-------+-------+-------++-------
Melee: Unarmed           |   119 |   125 |   115 ||   359
  Use: Scroll            |     3 |       |     1 ||     4
       Potion            |     3 |       |       ||     3
 Stab: Sleeping          |     1 |     2 |     5 ||     8
       Distracted        |       |       |     1 ||     1
  Eat: Chunk             |       |     6 |     4 ||    10
